[Event "Titled Tuesday Blitz July 11 Early 2023"]
[White "Kubicka, Anna"]
[Black "Nakamura, Hikaru"]
[WhiteFideId "1152254"]
[BlackFideId "2016192"]
[WhiteElo "2515"]
[BlackElo "3226"]
[Result "0-1"]
[Round "1"]
[TimeControl "180+2"]
[Date "2023.07.11"]
[WhiteClock "0:00:36"]
[BlackClock "0:02:11"]
[Board "1"]

1. e4 a6 2. Nf3 e6 3. d4 d5 4. Bd3 dxe4 5. Bxe4 Nf6 6. Bd3 Nbd7 7. O-O c5 8. c3 b6 9. Bg5 Bb7 10. Nbd2 Qc7 11. Bh4 cxd4 12. Nxd4 Nc5 13. Bg3 Bd6 14. Bc2 Bxg3 15. hxg3 O-O-O 16. Qe2 h5 17. b4 Ncd7 18. b5 a5 19. Nc6 h4 20. gxh4 Rxh4 21. g3 Rh5 22. Kg2 Rxb5 23. Be4 Bxc6 24. Bxc6 Qxc6+ 25. f3 Rb2 26. Rf2 Nc5 27. Qe3 Nd5 28. Qg5 f6 0-1


[Site "https://www.chess.com"]

[Event "Titled Tuesday Blitz July 11 Early 2023"]
[White "Erigaisi Arjun"]
[Black "Perske, Thore"]
[WhiteFideId "35009192"]
[BlackFideId "12902195"]
[WhiteElo "3112"]
[BlackElo "2515"]
[Result "1-0"]
[Round "1"]
[TimeControl "180+2"]
[Date "2023.07.11"]
[WhiteClock "0:02:08"]
[BlackClock "0:00:52"]
[Board "2"]

1. c4 Nf6 2. Nc3 g6 3. e4 d6 4. g3 Bg7 5. Bg2 O-O 6. Nge2 e5 7. O-O Nc6 8. d3 a5 9. h3 Nd7 10. Be3 Nc5 11. d4 exd4 12. Nxd4 a4 13. Qd2 Re8 14. Rad1 Na5 15. Qe2 b6 16. e5 Bb7 17. exd6 Qxd6 18. Nf5 Qf6 19. Nxg7 Qxg7 20. Bxb7 Naxb7 21. Nd5 Rac8 22. Qf3 Ne4 23. Bd4 Qh6 24. Nf6+ Nxf6 25. Qxf6 Kf8 26. Rfe1 1-0


[Site "https://www.chess.com"]

[Event "Titled Tuesday Blitz July 11 Early 2023"]
[White "Fonseca Manrique, Enrique"]
[Black "Firouzja, Alireza"]
[WhiteFideId "5114330"]
[BlackFideId "12573981"]
[WhiteElo "2514"]
[BlackElo "3088"]
[Result "0-1"]
[Round "1"]
[TimeControl "180+2"]
[Date "2023.07.11"]
[WhiteClock "0:00:59"]
[BlackClock "0:02:19"]
[Board "3"]

1. e4 c5 2. Nf3 d6 3. d4 cxd4 4. Nxd4 Nf6 5. Nc3 a6 6. Bg5 e6 7. f4 Nbd7 8. Qe2 Qc7 9. O-O-O b5 10. a3 Rb8 11. g4 b4 12. axb4 Rxb4 13. Bg2 Bb7 14. f5 e5 15. Nb3 a5 16. Bxf6 gxf6 17. Nd5 Bh6+ 18. Kb1 Bxd5 19. Rxd5 a4 20. Nc1 Qc3 21. Nd3 a3 22. b3 a2+ 23. Kxa2 Rb7 24. Nb2 O-O 25. Ra5 Qxa5+ 0-1


[Site "https://www.chess.com"]

[Event "Titled Tuesday Blitz July 11 Early 2023"]
[White "Dubov, Daniil"]
[Black "FromTexas54"]
[WhiteFideId "24126055"]
[WhiteElo "3078"]
[BlackElo "2513"]
[Result "1-0"]
[Round "1"]
[TimeControl "180+2"]
[Date "2023.07.11"]
[WhiteClock "0:00:11"]
[BlackClock "0:00:00"]
[Board "4"]

1. e4 e5 2. Nf3 Nc6 3. Nc3 Nf6 4. Bc4 Nxe4 5. O-O Nxc3 6. dxc3 Be7 7. Qd5 O-O 8. Nxe5 Nxe5 9. Qxe5 c6 10. Re1 Bf6 11. Qd6 Re8 12. Rxe8+ Qxe8 13. Bf4 h5 14. Kf1 Qe4 15. Bd3 Qe7 16. Re1 Qxd6 17. Bxd6 g6 18. Re8+ Kg7 19. Bc4 b5 20. Bf8+ Kg8 21. Bd6+ Kg7 22. Bd3 Bb7 23. Rxa8 Bxa8 24. f4 a5 25. Kf2 b4 26. cxb4 axb4 27. Bxb4 Bxb2 28. Bc5 Kf6 29. a4 Ke6 30. Bc4+ d5 31. Ba6 Bc3 32. Ke3 Ba5 33. Bc8+ Kf6 34. Kd3 g5 35. Bd4+ Kg6 36. f5+ Kh6 37. Bc5 g4 38. Kd4 Kg5 39. Ke5 Bc7+ 40. Bd6 Bd8 41. Kd4 Bb6+ 42. Bc5 Ba5 43. Be7+ Kf4 44. Bd6+ Kg5 45. Kc5 h4 46. g3 h3 47. Be7+ Kh5 48. Ba6 Be1 49. Bd6 Kg5 50. Bf4+ Kxf5 51. Kd6 Bb4+ 52. Kc7 c5 53. Bc8+ Ke4 54. Bxg4 d4 55. Bxh3 c4 56. Bg2+ Kf5 57. Bxa8 d3 58. cxd3 cxd3 59. Bf3 d2 60. Kb6 Bd6 61. Bxd6 1-0


[Site "https://www.chess.com"]

[Event "Titled Tuesday Blitz July 11 Early 2023"]
[White "Goltseva, Ekaterina"]
[Black "Bluebaum, Matthias"]
[WhiteFideId "24173770"]
[BlackFideId "24651516"]
[WhiteElo "2513"]
[BlackElo "3053"]
[Result "0-1"]
[Round "1"]
[TimeControl "180+2"]
[Date "2023.07.11"]
[WhiteClock "0:01:18"]
[BlackClock "0:02:42"]
[Board "5"]

1. Nf3 d5 2. e3 Nf6 3. c4 e6 4. Nc3 Bd6 5. d4 O-O 6. Bd3 dxc4 7. Bxc4 Nc6 8. O-O e5 9. d5 Ne7 10. e4 a6 11. a3 Ng6 12. b4 h6 13. Re1 Nh5 14. Na4 b5 15. Bf1 bxa4 16. Bb2 Nhf4 17. Qxa4 Bg4 18. Nd2 Qg5 19. Qb3 Nh3+ 20. Kh1 Nxf2+ 21. Kg1 Qxd2 22. Bc3 Qf4 23. Ra2 Nxe4 24. g3 Qf3 25. Rc2 Nxc3 26. Rxc3 Qf6 27. Bg2 a5 28. b5 a4 29. Qb2 Rfe8 30. Rf1 Qe7 31. Rc6 e4 32. h3 Bf3 33. Bxf3 exf3 34. Rxf3 Ne5 35. Re3 Qg5 36. Qe2 Nf3+ 37. Qxf3 Rxe3 0-1


[Site "https://www.chess.com"]

[Event "Titled Tuesday Blitz July 11 Early 2023"]
[White "Narayanan.S.L"]
[Black "only_strong_moves"]
[WhiteFideId "5058422"]
[WhiteElo "3035"]
[BlackElo "2513"]
[Result "1-0"]
[Round "1"]
[TimeControl "180+2"]
[Date "2023.07.11"]
[WhiteClock "0:01:32"]
[BlackClock "0:00:29"]
[Board "6"]

1. Nf3 d5 2. e3 Nf6 3. c4 e6 4. Nc3 c5 5. d4 Nc6 6. a3 cxd4 7. exd4 Ne4 8. Bd3 Nxc3 9. bxc3 dxc4 10. Bxc4 Bd6 11. O-O Ne7 12. Bd3 Ng6 13. Ng5 Qc7 14. g3 b6 15. Bd2 Bb7 16. Qe2 Be7 17. h4 h6 18. Nxe6 fxe6 19. Bxg6+ Kd7 20. Be4 g5 21. Bxb7 Qxb7 22. Rfe1 Qc6 23. h5 Rhf8 24. c4 Bf6 25. Rad1 Rfe8 26. Bb4 a5 27. Bd2 Kc7 28. Be3 Rad8 29. d5 exd5 30. cxd5 Qd6 31. Rc1+ Kb7 32. Rc6 Qxd5 33. Rxb6+ 1-0


[Site "https://www.chess.com"]

[Event "Titled Tuesday Blitz July 11 Early 2023"]
[White "WindWhistler11"]
[Black "Movahed, Sina"]
[BlackFideId "42520835"]
[WhiteElo "2512"]
[BlackElo "3022"]
[Result "0-1"]
[Round "1"]
[TimeControl "180+2"]
[Date "2023.07.11"]
[WhiteClock "0:00:07"]
[BlackClock "0:00:18"]
[Board "7"]

1. Nf3 Nf6 2. g3 g6 3. Bg2 Bg7 4. O-O O-O 5. c4 c5 6. a3 Nc6 7. b3 d5 8. cxd5 Nxd5 9. Ra2 b6 10. Bb2 e5 11. d3 Be6 12. Nbd2 Rc8 13. Qa1 f6 14. Rc1 a5 15. Rd1 Nd4 16. e3 Nxf3+ 17. Bxf3 Ne7 18. d4 exd4 19. exd4 a4 20. bxa4 cxd4 21. Ne4 Nf5 22. Bxd4 Nxd4 23. Rxd4 Qc7 24. Rad2 f5 25. Ng5 Bxd4 26. Qxd4 Rfd8 27. Qe3 Rxd2 28. Qxe6+ Kg7 29. Qe3 Qc1+ 30. Kg2 Rxf2+ 31. Kxf2 Qxe3+ 32. Kxe3 Rc3+ 33. Kf4 Rxa3 34. Bc6 h6 35. Nf3 Kf6 36. h4 Rc3 37. Bb5 Rb3 38. Nd4 g5+ 39. hxg5+ hxg5# 0-1


[Site "https://www.chess.com"]

[Event "Titled Tuesday Blitz July 11 Early 2023"]
[White "Kollars, Dmitrij"]
[Black "Rengifo Blancas, Renzo Jhonathan"]
[WhiteFideId "12909572"]
[BlackFideId "3807185"]
[WhiteElo "3008"]
[BlackElo "2511"]
[Result "1-0"]
[Round "1"]
[TimeControl "180+2"]
[Date "2023.07.11"]
[WhiteClock "0:00:37"]
[BlackClock "0:00:00"]
[Board "8"]

1. c4 d6 2. d4 e5 3. Nc3 Nd7 4. Nf3 Ngf6 5. e4 Be7 6. Be2 O-O 7. O-O Re8 8. d5 c6 9. Be3 a5 10. Nd2 Bf8 11. Rc1 Qe7 12. a3 g6 13. b4 Bg7 14. dxc6 bxc6 15. b5 Bb7 16. a4 c5 17. Qc2 Nb6 18. Nb3 Qe6 19. Qd3 Bf8 20. Rfd1 Ng4 21. Bd2 Nf6 22. Ra1 Ra7 23. Nd5 Bxd5 24. cxd5 Qc8 25. Bxa5 c4 26. Qe3 cxb3 27. Bxb6 Rb7 28. a5 Qc2 29. Bd3 Qc3 30. a6 Ng4 31. Qe2 Rxb6 32. Qxg4 b2 33. Rab1 Rc8 34. Qe2 Qb3 35. Rxb2 Qa3 36. Ra2 Qb3 37. g3 Bh6 38. Kg2 Rc3 39. a7 Kg7 40. a8=Q Rc5 41. Qd8 1-0


[Site "https://www.chess.com"]

[Event "Titled Tuesday Blitz July 11 Early 2023"]
[White "Ronka, Erik"]
[Black "Deac, Bogdan-Daniel"]
[WhiteFideId "505080"]
[BlackFideId "1226380"]
[WhiteElo "2510"]
[BlackElo "2994"]
[Result "0-1"]
[Round "1"]
[TimeControl "180+2"]
[Date "2023.07.11"]
[WhiteClock "0:00:01"]
[BlackClock "0:00:07"]
[Board "9"]

1. d4 b5 2. e4 Bb7 3. Bd3 e6 4. Qe2 a6 5. Nf3 c5 6. c3 cxd4 7. cxd4 Nc6 8. Nbd2 Rc8 9. O-O Nb4 10. Bb1 Nc2 11. Bxc2 Rxc2 12. a4 Qb6 13. Qd3 Rc8 14. e5 f5 15. Nb3 Bd5 16. Nfd2 Ne7 17. Nc5 Nc6 18. a5 Qa7 19. Ndb3 Bc4 20. Qg3 Bxf1 21. Kxf1 Nxd4 22. Nxd4 Qxc5 23. Be3 Qc4+ 24. Kg1 Kf7 25. h4 Bc5 26. Rc1 Qd5 27. Rd1 Rhf8 28. Kh2 Qb7 29. h5 Kg8 30. h6 g6 31. Bg5 Rf7 32. Nf3 Bf8 33. Bf4 Qc6 34. Ng5 Be7 35. Nxf7 Kxf7 36. Bg5 Bf8 37. Qd3 Ke8 38. Rc1 Qb7 39. Rxc8+ Qxc8 40. Qe3 Qb7 41. Qd4 Qc7 42. Be3 Be7 43. f4 Qb7 44. Qb6 Qxb6 45. axb6 Kd8 46. b7 Kc7 47. Bd2 Kxb7 48. g4 Kc6 49. gxf5 exf5 50. Kg3 Kd5 51. Bc3 Ke4 52. Ba5 Bf8 0-1


[Site "https://www.chess.com"]

[Event "Titled Tuesday Blitz July 11 Early 2023"]
[White "He, Anthony"]
[Black "Khandelwal, Ankush"]
[WhiteFideId "2088215"]
[BlackFideId "413470"]
[WhiteElo "2991"]
[BlackElo "2509"]
[Result "1-0"]
[Round "1"]
[TimeControl "180+2"]
[Date "2023.07.11"]
[WhiteClock "0:02:11"]
[BlackClock "0:01:44"]
[Board "10"]

1. d4 Nf6 2. Nc3 g6 3. Bf4 Bg7 4. e3 d6 5. h4 h5 6. Nf3 Nbd7 7. Bc4 c6 8. Qd3 O-O 9. Bb3 d5 10. Ng5 e5 11. dxe5 Ng4 12. e6 Nde5 13. exf7+ Rxf7 14. Qe2 Re7 15. O-O-O Kh8 16. f3 Nf6 17. Bxe5 1-0


[Site "https://www.chess.com"]

[Event "Titled Tuesday Blitz July 11 Early 2023"]
[White "Shvedova, Alexandra"]
[Black "Terry, Renato"]
[WhiteFideId "54154782"]
[BlackFideId "3803457"]
[WhiteElo "2509"]
[BlackElo "2986"]
[Result "0-1"]
[Round "1"]
[TimeControl "180+2"]
[Date "2023.07.11"]
[WhiteClock "0:00:05"]
[BlackClock "0:00:07"]
[Board "11"]

1. e4 e6 2. d4 d5 3. Nd2 Be7 4. Ngf3 Nf6 5. e5 Nfd7 6. Bd3 c5 7. c3 Nc6 8. O-O g5 9. dxc5 Ndxe5 10. Bb5 Bd7 11. b4 Ng6 12. Bb2 Bf6 13. Qb3 O-O 14. c4 g4 15. Bxc6 bxc6 16. Ne1 Rb8 17. Nc2 Nf4 18. Kh1 e5 19. f3 dxc4 20. Nxc4 Be6 21. Rad1 Qc8 22. Qc3 Bd5 23. Nd6 Qe6 24. Ne4 Bg7 25. Ne3 gxf3 26. gxf3 Qh3 27. Qd2 Rfd8 28. Qf2 Rxb4 29. Nxd5 cxd5 30. Ng3 d4 31. c6 Rc8 32. Ba3 Rc4 33. Bc1 Ng6 34. Ne4 R4xc6 35. Ba3 Bh6 36. Nd6 R8c7 37. Nb5 Rb7 38. Nd6 Rb8 39. Ne4 f5 40. Nc5 Bf8 41. Nd7 Rd8 42. Nxf8 Nxf8 43. Rg1+ Ng6 44. f4 Qxa3 0-1


[Site "https://www.chess.com"]

[Event "Titled Tuesday Blitz July 11 Early 2023"]
[White "Oparin, Grigoriy"]
[Black "AlivodicDario"]
[WhiteFideId "24125890"]
[WhiteElo "2961"]
[BlackElo "2508"]
[Result "1-0"]
[Round "1"]
[TimeControl "180+2"]
[Date "2023.07.11"]
[WhiteClock "0:00:25"]
[BlackClock "0:00:00"]
[Board "12"]

1. c4 e6 2. Nc3 d5 3. d4 c6 4. e4 dxe4 5. Nxe4 Bb4+ 6. Bd2 Qxd4 7. Bxb4 Qxe4+ 8. Ne2 Na6 9. Bf8 Ne7 10. Bxg7 Nb4 11. Qd6 Nc2+ 12. Kd2 Nxa1 13. Bxh8 Qc2+ 14. Ke1 Qxc4 15. Nc3 Qb4 16. Qd2 e5 17. Be2 Bf5 18. Kf1 Nc2 19. Bxe5 Qxb2 20. g4 Bg6 21. Kg2 Rd8 22. Qf4 1-0


[Site "https://www.chess.com"]

[Event "Titled Tuesday Blitz July 11 Early 2023"]
[White "Tokhirjonova, Gulrukhbegim"]
[Black "Svane, Rasmus"]
[WhiteFideId "14203626"]
[BlackFideId "4657101"]
[WhiteElo "2508"]
[BlackElo "2960"]
[Result "0-1"]
[Round "1"]
[TimeControl "180+2"]
[Date "2023.07.11"]
[WhiteClock "0:00:14"]
[BlackClock "0:00:25"]
[Board "13"]

1. e4 c6 2. d4 d5 3. e5 Bf5 4. Nf3 e6 5. Be2 Ne7 6. Nbd2 Nd7 7. Nb3 Ng6 8. Be3 f6 9. exf6 Qxf6 10. Qd2 Bd6 11. c4 O-O 12. O-O h6 13. Rfe1 Be4 14. Qc3 Nf4 15. Nbd2 Bg6 16. Bf1 Bh5 17. b4 Rae8 18. b5 cxb5 19. cxb5 Qg6 20. Kh1 Rc8 21. Qb3 Nb6 22. Rac1 Qf6 23. a4 Bg6 24. a5 Nd7 25. a6 bxa6 26. bxa6 Nb6 27. Ne5 Rxc1 28. Rxc1 Be4 29. Nxe4 dxe4 30. Nc4 Nxc4 31. Rxc4 Nd5 32. Rc6 Bf4 33. Bxf4 Qxf4 34. Qg3 Qxf2 35. Qxf2 Rxf2 36. Kg1 Rd2 37. Rxe6 Rxd4 38. Kf2 e3+ 39. Kf3 Rf4+ 40. Ke2 Rf2+ 41. Ke1 Rc2 42. Bd3 Rc1+ 43. Ke2 Nf4+ 44. Kxe3 Nxe6 0-1


[Site "https://www.chess.com"]

[Event "Titled Tuesday Blitz July 11 Early 2023"]
[White "Bok, Benjamin"]
[Black "brm72"]
[WhiteFideId "1017063"]
[WhiteElo "2954"]
[BlackElo "2508"]
[Result "1-0"]
[Round "1"]
[TimeControl "180+2"]
[Date "2023.07.11"]
[WhiteClock "0:00:04"]
[BlackClock "0:00:09"]
[Board "14"]

1. d4 Nf6 2. c4 g6 3. g3 c6 4. Nf3 Bg7 5. Bg2 d5 6. b3 O-O 7. O-O dxc4 8. bxc4 c5 9. Bb2 Qb6 10. Qb3 Ne4 11. e3 Nc6 12. Ne5 Nd6 13. Nxc6 bxc6 14. dxc5 Qxc5 15. Bxg7 Kxg7 16. Nd2 Be6 17. Qc3+ f6 18. Rfc1 a5 19. Nb3 Qxc4 20. Nd4 Qxc3 21. Rxc3 Bd5 22. Bxd5 cxd5 23. Ne6+ Kf7 24. Nxf8 Rxf8 25. Rb1 Ke6 26. Rb6 Ra8 27. a4 Ra7 28. Kg2 h5 29. Rc5 Ke5 30. Rbc6 g5 31. Rc7 Rxc7 32. Rxc7 e6 33. Rh7 Nc4 34. Rxh5 Nb2 35. Rh8 Nxa4 36. Ra8 Nc3 37. Rxa5 Kf5 38. Ra6 Ne4 39. f3 Nd2 40. Kf2 Nc4 41. h4 gxh4 42. gxh4 Ne5 43. h5 Nf7 44. Ra7 Nh6 45. Rg7 e5 46. Rd7 Kg5 47. Rxd5 Kxh5 48. f4 Nf7 49. Kf3 Kg6 50. Ra5 Kf5 51. e4+ Kg6 52. Kg4 Nh6+ 53. Kf3 exf4 54. Kxf4 Nf7 55. Rc5 Nh6 56. Rc1 Kf7 57. Rh1 Ng8 58. Rh7+ Kg6 59. Ra7 Nh6 60. Ra6 Kg7 61. Ra1 Kg6 62. Rh1 Nf7 63. Rg1+ Ng5 64. e5 Kf7 65. Kf5 Nf3 66. e6+ Ke7 67. Rg7+ Ke8 68. Kxf6 Nd4 69. Rg8# 1-0


[Site "https://www.chess.com"]

[Event "Titled Tuesday Blitz July 11 Early 2023"]
[White "Rodriguez, Santiago"]
[Black "Makarian, Rudik"]
[WhiteFideId "3000591"]
[BlackFideId "44105681"]
[WhiteElo "2507"]
[BlackElo "2951"]
[Result "1-0"]
[Round "1"]
[TimeControl "180+2"]
[Date "2023.07.11"]
[WhiteClock "0:01:12"]
[BlackClock "0:00:28"]
[Board "15"]

1. d4 Nf6 2. Bg5 d5 3. Bxf6 exf6 4. e3 Bd6 5. Bd3 O-O 6. Nd2 c6 7. Qf3 a5 8. g4 Re8 9. Ne2 Nd7 10. h4 b5 11. g5 Bb7 12. O-O-O a4 13. Rdg1 a3 14. b3 Bf8 15. Nf4 Ne5 16. dxe5 fxe5 17. Bxh7+ Kxh7 18. Nh5 Qe7 19. Nf6+ Qxf6 20. gxf6 g6 21. h5 g5 22. Qf5+ Kh8 23. Qxg5 Bh6 24. Qxh6# 1-0


[Site "https://www.chess.com"]

[Event "Titled Tuesday Blitz July 11 Early 2023"]
[White "Pranav, V"]
[Black "Korelskiy, Egor"]
[WhiteFideId "25060783"]
[BlackFideId "34329064"]
[WhiteElo "2950"]
[BlackElo "2507"]
[Result "1-0"]
[Round "1"]
[TimeControl "180+2"]
[Date "2023.07.11"]
[WhiteClock "0:02:09"]
[BlackClock "0:01:22"]
[Board "16"]

1. e4 c5 2. Nf3 e6 3. d4 cxd4 4. Nxd4 a6 5. Nc3 Qc7 6. Be2 b5 7. O-O Bb7 8. Re1 d6 9. Bf1 Nd7 10. a3 Be7 11. Qg4 Bf6 12. Be3 Ne7 13. Rad1 h5 14. Qh3 Nc5 15. Ndxb5 axb5 16. Nxb5 Qb6 17. Nxd6+ Kf8 18. b4 Rxa3 19. Bxc5 Qxc5 20. bxc5 Rxh3 21. Nxb7 Nc6 22. gxh3 Ke7 23. Bb5 1-0


[Site "https://www.chess.com"]

[Event "Titled Tuesday Blitz July 11 Early 2023"]
[White "Reprintsev, Alexander"]
[Black "Vokhidov, Shamsiddin"]
[WhiteFideId "14100541"]
[BlackFideId "14204223"]
[WhiteElo "2507"]
[BlackElo "2938"]
[Result "1-0"]
[Round "1"]
[TimeControl "180+2"]
[Date "2023.07.11"]
[WhiteClock "0:00:10"]
[BlackClock "0:00:14"]
[Board "17"]

1. e4 c5 2. b3 e5 3. Bb2 Nc6 4. f4 exf4 5. Qf3 Nd4 6. Bxd4 cxd4 7. Qxf4 d5 8. Bb5+ Bd7 9. Bxd7+ Qxd7 10. Qe5+ Ne7 11. exd5 Qxd5 12. Nf3 Qxe5+ 13. Nxe5 Rc8 14. c4 dxc3 15. Nxc3 f6 16. Nc4 Nf5 17. O-O-O Kf7 18. Kb2 a6 19. a4 Bb4 20. Rhe1 Rhd8 21. g4 Nd4 22. Nb6 Rc5 23. Re4 a5 24. Rde1 Nf3 25. Re7+ Kg6 26. R1e2 Rxd2+ 27. Rxd2 Bxc3+ 28. Ka2 Bxd2 29. Rxb7 Rc2+ 30. Kb1 Rc1+ 31. Kb2 Nd4 32. Nd5 Rc2+ 33. Kb1 Bh6 34. h4 Bd2 35. Ne7+ Kh6 36. Ng8+ Kg6 37. Ne7+ Kf7 38. Nf5+ Kf8 39. Nxd4 Rc1+ 40. Kb2 Rg1 41. Ne6+ Ke8 42. Nxg7+ Kd8 43. Ne6+ Kc8 44. Rc7+ Kb8 45. Rxh7 Rxg4 46. h5 Rg2 47. Kc2 f5 48. Kd3 Bc1 49. Rf7 Rf2 50. Nd4 f4 51. Nc6+ Kc8 52. h6 Rh2 53. h7 Bb2 54. Nxa5 f3 55. Nc4 Ba1 56. Nd6+ Kd8 57. Ne4 Ke8 58. Nd6+ Kd8 59. a5 f2 60. Rxf2 Rxh7 61. Ra2 Be5 62. Nc4 Bb8 63. b4 Rh5 64. Rg2 Kd7 65. Rg6 Rh3+ 66. Kc2 Rh4 67. Kb3 Rh3+ 68. Ka4 Rh4 69. Nb6+ Kc7 70. Nd5+ Kb7 71. a6+ Ka7 72. Kb3 Rh3+ 73. Kc4 Rh1 74. b5 Rc1+ 75. Kb3 Rb1+ 76. Ka4 Ra1+ 77. Kb4 Rb1+ 78. Kc5 Rc1+ 79. Kd4 Bh2 80. Rg7+ Kb8 81. b6 Bg1+ 82. Ke5 Re1+ 83. Kd6 Bh2+ 84. Kd7 Rd1 85. Rg8# 1-0


[Site "https://www.chess.com"]

[Event "Titled Tuesday Blitz July 11 Early 2023"]
[White "Chigaev, Maksim"]
[Black "Moskvin, Anatoly"]
[WhiteFideId "4108116"]
[BlackFideId "24199990"]
[WhiteElo "2936"]
[BlackElo "2506"]
[Result "1-0"]
[Round "1"]
[TimeControl "180+2"]
[Date "2023.07.11"]
[WhiteClock "0:01:25"]
[BlackClock "0:01:02"]
[Board "18"]

1. e4 e5 2. Nf3 Nc6 3. Bb5 Nge7 4. Nc3 a6 5. Bxc6 Nxc6 6. d4 exd4 7. Nxd4 Bb4 8. O-O O-O 9. Nd5 Nxd4 10. Qxd4 Be7 11. Qc3 c6 12. Nxe7+ Qxe7 13. Be3 Qxe4 14. Rfe1 d6 15. Rad1 Be6 16. Bd4 Qg6 17. Re3 c5 18. Bxg7 Bg4 19. Bxf8 Bxd1 20. Rg3 Bg4 21. h3 Kxf8 22. Rxg4 1-0


[Site "https://www.chess.com"]

[Event "Titled Tuesday Blitz July 11 Early 2023"]
[White "Taboas Rodriguez, Daniel"]
[Black "Keymer, Vincent"]
[WhiteFideId "2208466"]
[BlackFideId "12940690"]
[WhiteElo "2505"]
[BlackElo "2928"]
[Result "1/2-1/2"]
[Round "1"]
[TimeControl "180+2"]
[Date "2023.07.11"]
[WhiteClock "0:00:16"]
[BlackClock "0:00:07"]
[Board "19"]

1. d4 Nf6 2. Nf3 e6 3. c4 d5 4. Bg5 dxc4 5. Qa4+ Nbd7 6. e4 h6 7. Bxf6 Qxf6 8. Bxc4 Qg6 9. O-O Be7 10. Nc3 O-O 11. Bd3 c5 12. Rad1 cxd4 13. e5 Nc5 14. Bxg6 Nxa4 15. Nxa4 fxg6 16. Nxd4 Bd7 17. Nc3 Rad8 18. Ndb5 a6 19. Nd6 Bc6 20. Rd4 Bxd6 21. exd6 e5 22. Rd2 Kf7 23. Re1 Ke6 24. Rde2 Rf5 25. f4 Kxd6 26. Rd2+ Kc7 27. Rxd8 Kxd8 28. fxe5 Ke7 29. g3 g5 30. Nd1 Ke6 31. a3 Rxe5 32. Kf2 Rxe1 33. Kxe1 Kd5 34. Nf2 Kd4 35. Kd2 Bd7 36. Ke2 Bf5 37. Kd2 h5 38. Ke2 h4 39. Kd2 Bd7 40. Ke2 Kc4 41. Kd2 Kb3 42. Kc1 Bf5 43. Nd1 Be4 44. Nf2 Bf3 45. Nd3 Bd5 46. Ne5 Be4 47. Nf7 Kc4 48. Nxg5 hxg3 49. hxg3 Kd3 50. Ne6 g6 51. Nc5+ Ke3 52. g4 Kf4 53. Kd2 Bc6 54. b4 Kxg4 55. Ke3 Kf5 56. Nd3 g5 57. Kf2 Ke4 58. Nc5+ Kd4 59. Ne6+ Kc3 60. Nxg5 Kb3 61. Ke3 Kxa3 62. Kd2 Kxb4 63. Kc2 a5 64. Ne6 b5 65. Nd4 Kc5 66. Nxb5 Bxb5 67. Kb2 Kb4 68. Ka1 a4 69. Kb1 Bc4 70. Ka1 a3 71. Kb1 Bd3+ 72. Ka1 Bc2 73. Ka2 Bb3+ 74. Ka1 Kc3 75. Kb1 a2+ 76. Ka1 Bc4 1/2-1/2


[Site "https://www.chess.com"]

[Event "Titled Tuesday Blitz July 11 Early 2023"]
[White "Aravindh, Chithambaram VR."]
[Black "Lehtosaari, Mauri"]
[WhiteFideId "5072786"]
[BlackFideId "501999"]
[WhiteElo "2925"]
[BlackElo "2505"]
[Result "1-0"]
[Round "1"]
[TimeControl "180+2"]
[Date "2023.07.11"]
[WhiteClock "0:00:09"]
[BlackClock "0:00:08"]
[Board "20"]

1. Nf3 d5 2. b3 Nf6 3. Bb2 Bf5 4. g3 c6 5. Bg2 e6 6. O-O Be7 7. c4 O-O 8. d3 h6 9. Nbd2 Bh7 10. Ne5 Nbd7 11. Ndf3 Nxe5 12. Nxe5 Nd7 13. Nxd7 Qxd7 14. Qd2 Bg6 15. Rad1 a5 16. a3 Qd8 17. Qc3 Bf6 18. Qc1 Re8 19. e4 Bxb2 20. Qxb2 dxe4 21. dxe4 Qb6 22. Rd6 Red8 23. Rfd1 Rxd6 24. Rxd6 Qc5 25. e5 a4 26. b4 Qxc4 27. h4 h5 28. Bf1 Qb3 29. Qc1 Be4 30. Be2 g6 31. Bd1 Qa2 32. Rd2 Qb1 33. Qxb1 Bxb1 34. Rd7 b6 35. Bf3 Rc8 36. Rb7 c5 37. bxc5 Rxc5 38. Rxb6 Bc2 39. Rc6 Rxc6 40. Bxc6 Kg7 41. f4 f6 42. Kf2 g5 43. exf6+ Kxf6 44. hxg5+ Kf5 45. Ke3 Kg4 46. Bf3+ Kxg3 47. Bxh5 Kh4 48. Bf7 Bf5 49. g6 e5 50. g7 exf4+ 51. Kxf4 Bh7 52. g8=Q Bxg8 53. Bxg8 Kh5 54. Bf7+ Kh6 55. Be8 Kg7 56. Ke5 Kf8 57. Bxa4 Ke7 58. Bc6 Kd8 59. Kd6 Kc8 60. Kc5 Kb8 61. Kb6 1-0


[Site "https://www.chess.com"]

[Event "Titled Tuesday Blitz July 11 Early 2023"]
[White "Santos Flores, Alberto"]
[Black "Narayanan, Srinath"]
[WhiteFideId "3601234"]
[BlackFideId "5018420"]
[WhiteElo "2503"]
[BlackElo "2924"]
[Result "0-1"]
[Round "1"]
[TimeControl "180+2"]
[Date "2023.07.11"]
[WhiteClock "0:00:00"]
[BlackClock "0:00:09"]
[Board "21"]

1. e4 c5 2. Nf3 d6 3. Bb5+ Nd7 4. d4 cxd4 5. Qxd4 Nf6 6. Nc3 a6 7. Bxd7+ Nxd7 8. Bg5 h6 9. Bh4 e5 10. Qd3 g5 11. Bg3 Nc5 12. Qe2 Be6 13. Nd2 Rc8 14. Nb3 Qb6 15. f3 Qb4 16. Qd2 Na4 17. a3 Qc4 18. Na5 Qc7 19. Nxa4 b5 20. b4 bxa4 21. c4 Be7 22. O-O h5 23. Bf2 g4 24. f4 exf4 25. Qxf4 h4 26. Bd4 Rg8 27. e5 h3 28. g3 dxe5 29. Bxe5 Qa7+ 30. Qd4 Qa8 31. Rf2 Rg5 32. Bf6 Rd8 33. Qc3 Rf5 34. Raf1 Rxf2 35. Kxf2 Qg2+ 36. Ke1 Bxf6 37. Rxf6 Qe4+ 38. Kf2 Rd3 39. Rxe6+ fxe6 40. Qh8+ Kf7 41. Qh5+ Qg6 42. Qxg6+ Kxg6 43. c5 Rxa3 44. Nc4 Rc3 45. Ne5+ Kf5 0-1


[Site "https://www.chess.com"]

[Event "Titled Tuesday Blitz July 11 Early 2023"]
[White "Dau Khuong Duy"]
[Black "Manukian, Artak"]
[WhiteFideId "12424722"]
[BlackFideId "13301373"]
[WhiteElo "2914"]
[BlackElo "2502"]
[Result "1-0"]
[Round "1"]
[TimeControl "180+2"]
[Date "2023.07.11"]
[WhiteClock "0:00:41"]
[BlackClock "0:00:37"]
[Board "22"]

1. e4 c6 2. d4 d5 3. e5 Bf5 4. h4 h5 5. c4 e6 6. Nc3 Nd7 7. Nge2 dxc4 8. Ng3 Bd3 9. Bg5 Qb6 10. Bxd3 cxd3 11. Qxd3 Ne7 12. O-O Nd5 13. Nge4 a5 14. b3 Qa6 15. Qf3 Nxc3 16. Qxc3 Bb4 17. Qf3 Qb5 18. Rab1 Qd5 19. Rfd1 Be7 20. Bxe7 Kxe7 21. Qe3 Kf8 22. Nc3 1-0


[Site "https://www.chess.com"]

[Event "Titled Tuesday Blitz July 11 Early 2023"]
[White "Michalczak, Thomas"]
[Black "Shimanov, Aleksandr"]
[WhiteFideId "4622634"]
[BlackFideId "4198603"]
[WhiteElo "2500"]
[BlackElo "2914"]
[Result "0-1"]
[Round "1"]
[TimeControl "180+2"]
[Date "2023.07.11"]
[WhiteClock "0:00:34"]
[BlackClock "0:01:21"]
[Board "23"]

1. e4 e6 2. d4 d5 3. Nc3 Bb4 4. e5 c5 5. a3 Ba5 6. b4 cxd4 7. Nb5 Bc7 8. f4 Ne7 9. Nf3 Bd7 10. Nbxd4 Bb6 11. Bd3 Nbc6 12. Bb2 h6 13. O-O O-O 14. Kh1 Rc8 15. Nb5 Rb8 16. c4 dxc4 17. Bxc4 Nf5 18. Qb3 Nce7 19. Nbd4 Rc8 20. Rac1 a6 21. Rfd1 Qe8 22. Nxf5 Nxf5 23. Nd4 Ba4 24. Qd3 Bxd4 25. Bxd4 Bxd1 26. Rxd1 Rd8 27. Qe4 Qc6 28. Qxc6 bxc6 0-1


[Site "https://www.chess.com"]